 Dungeon Crawl Stone Soup version 0.30-a0-122-g2a1322497e (webtiles) character file.

Game seed: 13387333795573118288

1323 avis the Insei (level 8, -8/55 HPs)
             Began as an Octopode Transmuter on Sept 16, 2022.
             Was an Initiate of Gozag.
             Killed by miscasting Spider Form (9 damage)
             ... on level 6 of the Dungeon.
             The game lasted 00:36:21 (8179 turns).

avis the Insei (Octopode Transmuter)                Turns: 8179, Time: 00:36:24

Health: -8/55      AC:  1    Str:  9    XL:     8   Next: 59%
Magic:  7/12       EV: 32    Int: 18    God:    Gozag
Gold:   199        SH:  0    Dex: 12    Spells: 5/13 levels left

rFire   . . .      SeeInvis .      - Unarmed
rCold   . . .      Faith    .    (no shield)
rNeg    . . .      Spirit   .    (helmet restricted)
rPois   .          Reflect  .    n - amulet of the acrobat
rElec   .          Harm     .    B - +4 ring of evasion
rCorr   .          Rampage  .    (no ring)
Will    .....                    (no ring)
Stlth   +++.......               (no ring)
HPRegen 0.18/turn                (no ring)
MPRegen 0.13/turn                (no ring)
                                 (no ring)
                                 (no ring)

@: lethally poisoned (-8 -> -14), acrobatic, very slightly contaminated
A: almost no armour, amphibious, 8 rings, camouflage 1, gelatinous body 1,
(nimble swimmer 1), tentacles
a: Renounce Religion, Potion Petition, Call Merchant, Bribe Branch


You were on level 6 of the Dungeon.
You worshipped Gozag.
Gozag was aware of your devotion.
You visited 2 branches of the dungeon, and saw 7 of its levels.

You collected 292 gold pieces.
You paid 93 gold pieces to Gozag.

Inventory:

Hand Weapons
 a - a +0 dagger of chaos
 l - a +0 sling
 r - a +1 vorpal falchion
 t - a +0 short sword of distortion
 w - a +2 trident of venom
 x - a +0 shortbow
 y - a +2 vorpal trident
 z - a +1 dagger of electrocution
Missiles
 c - 5 boomerangs
 o - 11 poisoned darts
 D - 2 throwing nets
Jewellery
 n - an amulet of the acrobat (around mantle)
 B - a +4 ring of evasion (left tentacle)
Wands
 v - a wand of polymorph (4)
Scrolls
 f - a scroll of fog {unknown}
 g - 4 scrolls of teleportation
 h - 4 scrolls of fear {unknown}
 q - a scroll of summoning {unknown}
 u - a scroll of enchant weapon {unknown}
 E - a scroll of silence {unknown}
Potions
 e - a potion of cancellation
 i - a potion of resistance
 p - a potion of might
 s - a potion of flight
 A - a potion of haste
 C - a potion of heal wounds


   Skills:
 - Level 5.0 Fighting
 - Level 3.0 Dodging
 - Level 4.0 Stealth
 * Level 7.8 Unarmed Combat
 - Level 3.0 Spellcasting
 - Level 3.0 Transmutations
 - Level 1.0 Poison Magic


You had 5 spell levels left.
You knew the following spells:

 Your Spells              Type           Power      Damage    Failure   Level
a - Beastly Appendage     Tmut           26%        N/A       4%          1
p - Spider Form           Tmut/Pois      9%         N/A       22%         3
q - Ice Form              Ice/Tmut       8%         N/A       65%         4

Your spell library contained the following spells:

 Spells                   Type           Power      Damage    Failure   Level
 Wereblood                Tmut           13%        N/A       7%          2
 Passwall                 Tmut/Erth      6%         N/A       13%         2
 Sandblast                Erth           4%         2d4       16%         1
 Cigotuvi's Dreadful Rot  Necr/Pois/Air  6%         N/A       22%         2
 Ensorcelled Hibernation  Hex/Ice        4%         N/A       24%         2
 Sublimation of Blood     Necr           2%         N/A       24%         2
 Portal Projectile        Hex/Tloc       4%         N/A       43%         3
 Stone Arrow              Conj/Erth      4%         3d7       43%         3
 Swiftness                Air            2%         N/A       43%         3
 Tukima's Dance           Hex            2%         N/A       43%         3
 Blade Hands              Tmut           6%         N/A       78%         5
 Dispel Undead            Necr           2%         3d7       85%         4
 Death Channel            Necr           1%         N/A       100%        6
 Summon Hydra             Summ           1%         N/A       100%        7


Dungeon Overview and Level Annotations

Branches:
Dungeon (6/15)             Temple (1/1) D:6

Altars:
Ashenzari
Elyvilon
Fedhas
Gozag
Hepliaklqana
Makhleb
Nemelex Xobeh
Okawaru
Qazlal
Ru
Sif Muna
Trog
Uskayaw
Wu Jian
Xom
Yredelemnul
Zin
The Shining One

Shops:
D:1 =


Innate Abilities, Weirdness & Mutations

You cannot wear most types of armour.
You are amphibious.
You can wear up to eight rings at the same time.
Your skin changes colour to match your surroundings (Stealth+).
Your rubbery body absorbs attacks. (AC +1, EV +1)
((You are camouflaged when in or above water. (Stealth+)))
You have tentacles for arms and can constrict up to eight enemies at once.


Message History

The two-headed ogre is lightly wounded.
The two-headed ogre closely misses you.
The two-headed ogre hits you with a +0 giant spiked club!!
* * * LOW HITPOINT WARNING * * *
Your transformation is almost over.
Your transformation has ended.
The ufetubus barely misses you. The ufetubus completely misses you.
The ufetubus attacks as you move away! The ufetubus hits you.
* * * LOW HITPOINT WARNING * * *
The ufetubus completely misses you. The ufetubus completely misses you.
The ufetubus hits you.
* * * LOW HITPOINT WARNING * * *
Casting: Spider Form (dangerous; 22% risk of failure)
Confirm with . or Enter, or press ? or * to list all spells.
You miscast Spider Form.
You are very lightly contaminated with residual magic.
Nothing appears to happen.
The ufetubus barely misses you. The ufetubus misses you.
The ufetubus attacks as you move away! The ufetubus hits you.
* * * LOW HITPOINT WARNING * * *
The ufetubus barely misses you. x2; The ufetubus completely misses you.
The ufetubus completely misses you. The ufetubus hits you.
* * * LOW HITPOINT WARNING * * *
The ufetubus completely misses you. x2
The ufetubus attacks as you move away! The ufetubus misses you.
The ufetubus completely misses you. The ufetubus attacks as you move away!
The ufetubus misses you. The ufetubus completely misses you.
The ufetubus hits you.
* * * LOW HITPOINT WARNING * * *
The ufetubus barely misses you.
Your magical contamination has completely faded away.
There is a stone staircase leading down here.
Casting: Spider Form (dangerous; 22% risk of failure)
Confirm with . or Enter, or press ? or * to list all spells.
You miscast Spider Form.
You are very lightly contaminated with residual magic.
You feel rather nauseous for a moment!
You are lethally poisoned!
You die...
Your body crumbles into a pile of gold.

............##
))...........###
............#..############
........###....#..#.#.....#
............#.....#.#.....#
............###.....#.....###
............#..O.#..#..>..'.#
..............##5#..#.....#.#
............#.#.@..##.....#.#
.......####'####..###.....#.#
)......#.......#..#####'###.#
......##.......##....#..# #.#
......+..^......+......## #.#
##...##.........##......###.#
#+###...........#...#....).##
###.......###........##.# ##
#+#...#+# #........#..##..


You could see a two-headed ogre (poisoned) and an ufetubus.

Vanquished Creatures
  Sigmund (D:4)
  A water moccasin (D:6)
  An ice beast (D:6)
  2 ogres
  A centaur (D:4)
  A phantom (D:5)
  2 scorpions
  A howler monkey (D:4)
  A crimson imp (D:4)
  4 hounds
  An orc priest (D:6)
  3 iguanas
  Natasha (D:3)
  An orc wizard (D:4)
  9 adders
  3 worms (D:2)
  4 dart slugs
  9 orcs
  7 ball pythons
  5 endoplasms
  2 giant cockroaches
  4 goblins
  7 hobgoblins
  11 jackals
  2 quokkas
  6 bats
  A frilled lizard (D:1)
  6 kobolds
  4 rats
101 creatures vanquished.

Vanquished Creatures (others)
  13 plants (D:5)
  4 toadstools (D:1)
17 creatures vanquished.

Grand Total: 118 creatures vanquished

Notes
Turn   | Place    | Note
-------+----------+-------------------------------------------
     0 | D:1      | avis the Octopode Transmuter began the quest for the Orb.
     0 | D:1      | Reached XP level 1. HP: 13/13 MP: 3/3
   239 | D:1      | Reached XP level 2. HP: 9/19 MP: 3/5
   671 | D:1      | Found Bouheps's One-of-a-Kind Rings.
   719 | D:1      | Reached XP level 3. HP: 24/24 MP: 4/6
   870 | D:1      | Learned a level 3 spell: Spider Form
   948 | D:2      | Reached skill level 4 in Unarmed Combat
  1142 | D:2      | Found a faded altar of an unknown god.
  1505 | D:2      | Reached XP level 4. HP: 29/29 MP: 5/7
  1883 | D:3      | Reached skill level 1 in Poison Magic
  2854 | D:3      | Noticed Natasha
  2863 | D:3      | Killed Natasha
  2864 | D:3      | Reached XP level 5. HP: 10/34 MP: 4/8
  3094 | D:3      | Reached skill level 5 in Unarmed Combat
  3767 | D:4      | Reached skill level 1 in Stealth
  3902 | D:4      | Noticed Sigmund
  3916 | D:4      | Killed Sigmund
  3917 | D:4      | Reached XP level 6. HP: 15/42 MP: 6/9
  4136 | D:4      | Reached skill level 6 in Unarmed Combat
  4139 | D:4      | Reached XP level 7. HP: 21/46 MP: 6/10
  4737 | D:4      | Learned a level 4 spell: Ice Form
  4991 | D:4      | Found a burning altar of Makhleb.
  5069 | D:4      | Found a shimmering altar of Xom.
  5692 | D:5      | Entered Level 5 of the Dungeon
  5704 | D:5      | Reached skill level 5 in Fighting
  6644 | D:5      | Reached XP level 8. HP: 51/55 MP: 8/11
  6952 | D:6      | Found a staircase to the Ecumenical Temple.
  7051 | D:6      | Reached skill level 7 in Unarmed Combat
  7499 | Temple   | Entered the Ecumenical Temple
  7796 | Temple   | Became a worshipper of Gozag Ym Sagoz the Greedy
  8143 | D:6      | Noticed a two-headed ogre
  8173 | D:6      | HP: 2/55 [ufetubus (4)]
  8179 | D:6      | Killed by miscasting Spider Form

Illustrated notes

Levels and vault maps discovered:
D:1:      ldierk_walled_garden_2, layout_rooms, nicolae_shop_unique_rings,
          st_stairs_9
D:2:      minmay_wonky_spiral, layout_rooms, basic_ecumenical_altar,
          kennysheep_generic_room_9
D:3:      layout_basic, uniq_natasha
D:4:      layout_basic, grunt_temple_overflow_champion_of_chaos, uniq_sigmund
D:5:      layout_basic, serial_bayou_lagoon_a, minmay_misc_feat_diagonals,
          chequers_serial_rivers_micro_b
D:6:      nicolae_cairo_tiling_very_big, layout_cave_pools, temple_green
Temple:   minmay_temple_bridge_d

Skill      XL: |  1  2  3  4  5  6  7  8 |
---------------+-------------------------+-----
Fighting       | 2 3 5 |  5.0
Unarmed Combat | 4 5 6 7 |  7.8
Transmutations | 3 |  3.0
Poison Magic   | 1 |  1.0
Stealth        | 2 3 4 |  4.0
Dodging        | 3 |  3.0
Spellcasting   | 3 |  3.0

Action                   |  1- 3 |  4- 6 |  7- 9 || total
-------------------------+-------+-------+-------++-------
Melee: Unarmed           |    74 |    79 |   148 ||   301
       Constrict         |    21 |    11 |     3 ||    35
       Tentacles         |    13 |     7 |     5 ||    25
       Kick              |    20 |    13 |     5 ||    38
       Punch             |     3 |       |     2 ||     5
 Cast: Beastly Appendage |    20 |    16 |     3 ||    39
       Spider Form       |       |    13 |    30 ||    43
  Use: Potion            |       |       |     7 ||     7
       Scroll            |       |       |     7 ||     7
 Stab: Sleeping          |     4 |     2 |     3 ||     9
Armor: Skin              |     6 |     6 |    11 ||    23
Dodge: Dodged            |    46 |    57 |   174 ||   277

Table legend: (Time is in decaauts)
 A = Elapsed time spent in this place.
 B = Non-inter-level travel time spent in this place.
 C = Inter-level travel time spent in this place.
 D = Time resting spent in this place.
 E = Time spent auto-exploring this place.
 F = Levels seen in this place.
 G = Mean time per level.
                   A        B        C        D        E       F      G
               +--------+--------+--------+--------+--------+-----+--------+
         Total |   8164 |   7584 |    580 |   2673 |   3436 |   7 | 1166.3 |
       Dungeon |   7784 |   7349 |    435 |   2673 |   3223 |   6 | 1297.3 |
        Temple |    380 |    235 |    145 |      0 |    213 |   1 |  380.0 |
               +--------+--------+--------+--------+--------+-----+--------+

Top non-repeatable levels by time:
     D:4: 2079 daAuts
     D:3: 1937 daAuts
     D:5: 1420 daAuts
     D:1: 998 daAuts
     D:2: 758 daAuts
     D:6: 590 daAuts
  Temple: 380 daAuts
